 Dungeon Crawl Stone Soup version 0.21.1-1-g345015f (webtiles) character file.

13 frapes28 the Firebug (level 2, -10/24 HPs)
             Began as an Ogre Fire Elementalist on July 19, 2018.
             Killed by divine providence
             ... invoked by an orc priest
              (11 damage)
             ... on level 2 of the Dungeon.
             The game lasted 00:11:33 (1248 turns).

frapes28 the Firebug (Ogre Fire Elementalist)       Turns: 1248, Time: 00:11:33

Health: -10/24     AC:  4    Str: 11    XL:     2   Next: 37%
Magic:  2/5        EV: 10    Int: 16    God:
Gold:   86         SH:  0    Dex:  9    Spells: 5/6 levels left

rFire    . . .     SeeInvis .   h - +0 dagger
rCold    . . .     Gourm    .   (no shield)
rNeg     . . .     Faith    .   a - +1 robe
rPois    .         Spirit   .   (helmet restricted)
rElec    .         Reflect  .   (no cloak)
rCorr    .         Harm     .   (gloves unavailable)
MR       .....                  (boots unavailable)
Stlth    +.........             (no amulet)
HPRegen  0.08/turn              (no ring)
MPRegen  0.09/turn              (no ring)

@: no status effects
A: large, unfitting armour, tough skin 1
a: no special abilities


You were on level 2 of the Dungeon.
You were not hungry.

You visited 1 branch of the dungeon, and saw 3 of its levels.

You collected 86 gold pieces.

Inventory:

Hand Weapons
 h - a +0 dagger (weapon)
 m - a +0 whip
 p - a +0 club
 r - a +0 club
Missiles
 k - 13 sling bullets
 n - 14 poisoned needles
 o - 21 arrows
 u - 11 stones (quivered)
Armour
 a - a +1 robe (worn)
 e - a +0 leather armour
 i - a +0 centaur barding
 l - a +0 pair of gloves
Scrolls
 j - a scroll of teleportation
 q - a scroll of fog
Potions
 d - a potion of heal wounds
 f - a potion of ambrosia
 g - a potion of mutation {unknown}
 w - 2 potions of curing {unknown}
Books
 b - a book of Flames

   Spells                             Type                      Level
   a - Flame Tongue                   Conjuration/Fire             1
   b - Throw Flame                    Conjuration/Fire             2
   c - Conjure Flame                  Conjuration/Fire             3
   d - Inner Flame                    Hexes/Fire                   3
   e - Sticky Flame                   Conjuration/Fire             4
   f - Fireball                       Conjuration/Fire             5
Comestibles
 c - a ration


   Skills:
 + Level 0.1 Short Blades
 * Level 1.9 Dodging
 + Level 1.4 Stealth
 * Level 2.7 Spellcasting
 + Level 0.8 Conjurations
 * Level 3.0 Fire Magic


You had 5 spell levels left.
You knew the following spells:

 Your Spells              Type           Power        Failure   Level  Hunger
a - Flame Tongue          Conj/Fire      #....        9%          1    #......


Dungeon Overview and Level Annotations

Branches:
Dungeon (3/15)

Altars:


Innate Abilities, Weirdness & Mutations

You are too large for most types of armour.
You have tough skin. (AC +1)


Message History

Beogh smites you!
Ouch! That really hurt!
The orc hits you.
Casting: Flame Tongue
Confirm with . or Enter, or press ? or * to list all spells.
Aiming: Flame Tongue
Press: ? - help, Shift-Dir - straight line, f/p - orc priest
Aim: an orc priest, wielding a flail (moderately wounded)
The flame tongue hits the orc priest.
The orc priest is severely wounded.
The orc hits you.
* * * LOW HITPOINT WARNING * * *
The orc priest hits you with a flail.
* * * LOW HITPOINT WARNING * * *
You eat one of the 2 rations.
That ration really hit the spot!
The orc hits you but does no damage.
There isn't anything here!
The orc priest mumbles some strange prayers to Beogh against you.
Beogh smites you!
You die...

#####.# #.. .. ....#.# #..
.(## ###.#.# #.# #.(.
###.#.# ##'## #..#
......###...## ..# #
###.####.....## ##.###.#
.##>###.......## ##......#
....##.........####.....###
.....'.........'@.oo....#
..####........>####o..#.#
.## ##.......## #.....# ..
##.....## #.#.#.# .#.
##...## #.#.#.# .#.# ##+##
#.#.# # .# # #.... .. ###.#
##


You could see an orc priest and 2 orcs.

Vanquished Creatures
  A bat (D:1)
  A goblin (D:1)
  3 hobgoblins (D:1)
  A frilled lizard (D:1)
  3 kobolds
  3 rats (D:2)
12 creatures vanquished.

Notes
Turn   | Place    | Note
-------+----------+-------------------------------------------
     0 | D:1      | frapes28 the Ogre Fire Elementalist began the quest for the Orb.
     0 | D:1      | Reached XP level 1. HP: 16/16 MP: 3/3
   551 | D:1      | Reached XP level 2. HP: 24/24 MP: 3/5
   556 | D:1      | Learned a level 2 spell: Throw Flame
   972 | D:2      | Reached skill level 3 in Fire Magic
  1245 | D:2      | HP: 1/24 [orc priest/flail (6)]
  1248 | D:2      | Killed from afar by an orc priest

Skill      XL: |  1  2 |
---------------+-------+-----
Fire Magic     | 3 |  3.0
Short Blades   | |  0.1
Dodging        | |  1.9
Stealth        | |  1.4
Spellcasting   | |  2.7
Conjurations   | |  0.8

Action                   || total
-------------------------++-------
Melee: Dagger            ||    14
Throw: Stone             ||     4
 Cast: Flame Tongue      ||    18
       Throw Flame       ||     1
  Use: Scroll            ||     6
  Eat: Ration            ||     1
       Chunk             ||     1
Armor: Robe              ||    16
Dodge: Dodged            ||    20
